 Dungeon Crawl Stone Soup version 0.31-a0-963-ga325b2283a (webtiles) character file.

Game seed: 12065331436641129347

169 Arzdou the Ruffian (level 5, -1/37 HPs)
             Began as a Demonspawn Shapeshifter on Oct 25, 2023.
             Was an Initiate of Yredelemnul.
             Killed from afar by Natasha (4 damage)
             ... with a magic dart
             ... on level 4 of the Dungeon.
             The game lasted 00:03:48 (2586 turns).

Arzdou the Ruffian (Demonspawn Shapeshifter)        Turns: 2586, Time: 00:03:49

Health: -1/37      AC:  7    Str: 16    XL:     5   Next: 25%
Magic:  5/5        EV: 12    Int: 11    God:    Yredelemnul [......]
Gold:   160        SH:  0    Dex: 13    Spells: 4/4 levels left

rFire   + .          .
                       - Unarmed
rCold   + . .        (no shield)
rNeg    . . .        f - +2 robe {rC+ rF+}
rPois   .            (helmet currently unavailable)
rElec   .            (cloak currently unavailable)
rCorr   .            (gloves currently unavailable)
SInv    .            (boots currently unavailable)
Will    .....        (no amulet)
Stlth   +            (no ring)
HPRegen 0.26/turn    (no ring)
MPRegen 0.09/turn

%: no passive effects
@: beast-form
A: beast (slay +1), slimy green scales 2, demonic touch 1
a: Begin Untransformation, Renounce Religion, Recall Undead Harvest


You were on level 4 of the Dungeon.
You worshipped Yredelemnul.
Yredelemnul was noncommittal.
You were a hulking beast.
You visited 1 branch of the dungeon, and saw 4 of its levels.

You collected 160 gold pieces.

Inventory:

Armour
 f - a +2 robe of resistance (worn)
 g - a +0 pair of boots
Talismans
 c - a beast talisman
 d - a flux talisman
Scrolls
 i - 4 scrolls of identify {unknown}
Potions
 a - 2 potions of degeneration {unknown}
 b - a potion of lignification
 e - a potion of might {unknown}
 h - 2 potions of curing {unknown}


   Skills:
 - Level 1.0 Fighting
 - Level 1.7 Dodging
 + Level 5.5 Unarmed Combat
 - Level 2.6 Shapeshifting


You had 4 spell levels left.
You didn't know any spells.
Your spell library contained the following spells:

 Spells                   Type           Power      Damage    Failure   Level
 Apportation              Tloc           0%         N/A       34%         1
 Necrotise                Necr           0%         1d4       34%         1
 Summon Small Mammal      Summ           0%         N/A       34%         1


Dungeon Overview and Level Annotations

Branches:
Dungeon (4/15)
 Temple: D:4-7

Altars:
Yredelemnul

Annotations:
D:2 1 runed translucent door, Crazy Yiuf
D:4 Blork the orc, Grinder, Natasha


Innate Abilities, Weirdness & Mutations

You are a hulking beast.
Your limbs bulge with bestial killing power. (Slay +1)
You are mostly covered in slimy green scales. (AC +3)
Your touch may inflict minor irresistible damage on your foes.


Message History

Your goblin zombie hits Grinder but does no damage.
You closely miss the giant cockroach.
You touch the giant cockroach.
You kill the giant cockroach!
Grinder closely misses your goblin zombie.
Grinder hits your iguana zombie.
Your iguana zombie closely misses Grinder.
Your goblin zombie closely misses Grinder.
Grinder hits your goblin zombie!
Your goblin zombie is destroyed!
Your iguana zombie barely misses Grinder.
Grinder blinks!
Blork the orc gestures at you while chanting.
The puff of frost hits your dart slug zombie.
Your dart slug zombie resists.
Natasha, Servant of Life and Death comes into view.
Your dart slug zombie bites Blork the orc but does no damage.
Blork the orc casts a spell at you. The magic dart hits you.
Natasha stares at you and mumbles some strange words.
You resist with some effort.
Blork the orc hits your dart slug zombie with a +1 mace of protection!
Your dart slug zombie is destroyed!
Blork the orc gestures at you while chanting.
The magic dart hits you. Natasha misses you. Natasha closely misses you.
Natasha casts a spell at you. The magic dart hits you!
* * * LOW HITPOINT WARNING * * *
Blork the orc casts a spell.
Blork the orc seems to speed up.
Your iguana zombie closely misses Natasha.
Blork the orc screams, "I don't like you!"
Natasha stares at you and mumbles some strange words.
The magic dart hits you!
* * * LOW HITPOINT WARNING * * *
Natasha casts a spell at you. The magic dart hits you.
You die...
Natasha curls up and begins to purr.
Your body rises from the dead as a mindless zombie.

#........................
#.....<..................
#...........##...........
#........................
##........#.##..........#
#...........#o..........#
#........................
#...........#............
#.......h..hZ.....)......
#.<......................
##.......................
##......................
#.......................
#.......................
#........)....#######...
###...........# #...
######.>###.# #...


You could see Blork the orc (fast), Natasha and a friendly iguana zombie.

Vanquished Creatures
  An iguana (D:4)
  4 adders
  3 dart slugs
  An orc (D:4)
  7 endoplasms
  5 giant cockroaches
  10 goblins
  4 hobgoblins
  3 jackals (D:1)
  4 kobolds
  3 quokkas
  9 ball pythons
  6 bats
  4 rats
64 creatures vanquished.

Vanquished Creatures (collateral kills)
  Natasha (D:4)
  2 dart slugs (D:4)
3 creatures vanquished.

Vanquished Creatures (others)
  A ball python zombie (D:4)
  2 dart slug zombies (D:4)
  A goblin zombie (D:4)
4 creatures vanquished.

Grand Total: 71 creatures vanquished

Notes
Turn   | Place    | Note
-------+----------+-------------------------------------------
     0 | D:1      | Arzdou the Demonspawn Shapeshifter began the quest for the
                  | Orb.
     0 | D:1      | Reached XP level 1. HP: 15/15 MP: 1/1
    21 | D:1      | Reached skill level 3 in Unarmed Combat
    99 | D:1      | Gained mutation: You are partially covered in slimy green
                  | scales. (AC +2) [demonic ancestry]
    99 | D:1      | Reached XP level 2. HP: 20/21 MP: 2/2
   828 | D:2      | Gained mutation: Your touch may inflict minor irresistible
                  | damage on your foes. [demonic ancestry]
   828 | D:2      | Reached XP level 3. HP: 23/26 MP: 3/3
   894 | D:2      | Reached skill level 4 in Unarmed Combat
  1296 | D:2      | Found a runed translucent door.
  1297 | D:2      | Noticed Crazy Yiuf
  1735 | D:3      | Gained mutation: You are mostly covered in slimy green
                  | scales. (AC +3) [demonic ancestry]
  1735 | D:3      | Reached XP level 4. HP: 32/32 MP: 4/4
  1993 | D:3      | Found a faded altar of an unknown god.
  2028 | D:3      | Prayed at the altar of an unknown god.
  2028 | D:3      | Became a worshipper of Yredelemnul the Dark
  2028 | D:3      | Reached * piety under Yredelemnul
  2499 | D:4      | Reached skill level 5 in Unarmed Combat
  2500 | D:4      | Noticed Natasha
  2507 | D:4      | Reached XP level 5. HP: 33/37 MP: 5/5
  2510 | D:4      | Killed Natasha
  2561 | D:4      | Noticed Grinder
  2563 | D:4      | Paralysed by Grinder for 2 turns
  2565 | D:4      | Noticed Blork the orc
  2573 | D:4      | Noticed Natasha
  2586 | D:4      | Killed from afar by Natasha

Illustrated notes

Levels and vault maps discovered:
D:1:      dpeg_arrival_arbitrary_b, layout_loops_ring
D:2:      layout_loops_ring, serial_glass, glass_columns_a, glass_columns_a,
          uniq_crazy_yiuf_cottage
D:3:      layout_basic, ebering_ecumenical_altar_petrified
D:4:      layout_rooms, uniq_natasha, uniq_blork_the_orc, uniq_grinder

Skill      XL: |  1  2  3  4 |
---------------+-------------+-----
Unarmed Combat | 3 4 5 |  5.5
Fighting       | |  1.0
Dodging        | |  1.7
Shapeshifting  | |  2.6

Action                     |  1- 3 |  4- 6 || total
---------------------------+-------+-------++-------
  Melee: Unarmed           |   135 |    51 ||   186
         Punch             |     2 |     1 ||     3
         Touch             |     8 |     4 ||    12
   Stab: Sleeping          |     3 |       ||     3
 Armour: Animal skin       |    21 |       ||    21
         Robe              |    31 |    40 ||    71
  Dodge: Dodged            |    75 |    24 ||    99

Table legend: (Time is in decaauts)
 A = Elapsed time spent in this place.
 B = Non-inter-level travel time spent in this place.
 C = Inter-level travel time spent in this place.
 D = Time resting spent in this place.
 E = Time spent auto-exploring this place.
 F = Levels seen in this place.
 G = Mean time per level.
                   A        B        C        D        E       F      G
               +--------+--------+--------+--------+--------+-----+--------+
         Total |   2571 |   2528 |     43 |      0 |   2066 |   4 |  642.8 |
       Dungeon |   2571 |   2528 |     43 |      0 |   2066 |   4 |  642.8 |
               +--------+--------+--------+--------+--------+-----+--------+

Top non-repeatable levels by time:
     D:3: 884 daAuts
     D:2: 781 daAuts
     D:1: 754 daAuts
     D:4: 150 daAuts
